AoeStats
← a.l.a.n.t

Arena

505302375Analyzed
4v4 RM · 23d ago on Sep 8, 2026· 43m 21s· 8 players
Game mode
Random Map
Map size
Large (8 player)
Population
200
Speed
Normal
Resources
Standard
Victory
Conquest
Starting age
Dark Age
Ending age
Imperial Age
RankedLock teamsTeams togetherTeam positionsShared explorationLock speedFull tech treeHidden civsTurbo modeCheats
Victory
Defeat
🇧🇷 Cumans · Brazil
1400
+11
🇭🇰 Japanese · Hong Kong SAR China
1391
+11
🇧🇷 Turks · Brazil
1306
+14
🇮🇳 Teutons · India
1210
+19
🇬🇧 Muisca · United Kingdom
1300
-15
🇺🇸 Tupi · United States
1297
-15
🇩🇪 Georgians · Germany
1292
-14
🇳🇱 Magyars · Netherlands
1211
-11
a.l.a.n.t
11:30 Feudal Age
12:50 Double-Bit Axe
15:19 Castle Age
13:30 Horse Collar
15:35 Scale Mail Armor
16:10 Champi Runner
19:19 Chain Mail Armor
19:12 Squires
23:16 Forging
36:48 Imperial Age
37:37 Iron Casting
37:58 Elite Temple Guard
39:40 Plate Mail Armor
39:06 Pikeman
Vogrov
11:27 Feudal Age
9:43 Loom
12:59 Double-Bit Axe
13:01 Horse Collar
14:20 Loom
17:06 Castle Age
18:27 Bow Saw
19:52 Wheelbarrow
21:53 Heavy Plow
23:49 Gold Mining
24:00 Stone Mining
27:27 Scale Barding Armor
27:23 Padded Archer Armor
27:13 Fletching
27:25 Scale Mail Armor
28:26 Gold Shaft Mining
28:45 Chain Barding Armor
27:47 Pikeman
28:12 Arson
28:42 Bloodlines
28:43 Husbandry
29:33 Corvinian Army
30:21 Thumb Ring
29:36 Elite Skirmisher
29:40 Light Cavalry
33:00 Imperial Age
31:54 Leather Archer Armor
31:34 Bodkin Arrow
31:54 Chain Mail Armor
32:32 Ballistics
31:53 Treadmill Crane
34:52 Conscription
35:48 Chemistry
34:45 Murder Holes
38:00 Hoardings
Marneus
11:09 Feudal Age
12:06 Loom
15:04 Castle Age
13:49 Double-Bit Axe
13:45 Horse Collar
15:27 Wheelbarrow
24:41 Hand Cart
24:11 Town Watch
28:12 Fletching
28:36 Bow Saw
28:29 Heavy Plow
29:28 Gold Mining
33:04 Imperial Age
30:50 Bloodlines
30:49 Guard Tower
31:46 Ballistics
31:39 Forging
31:35 Scale Barding Armor
31:32 Husbandry
31:27 Treadmill Crane
31:15 Light Cavalry
32:22 Town Patrol
33:50 Arrowslits
34:46 Iron Casting
34:42 Conscription
35:23 Conscription
34:25 Pikeman
35:06 Squires
34:51 Arson
35:42 Chain Barding Armor
35:23 Scale Mail Armor
35:07 Halberdier
38:46 Hoardings
38:39 Hussar
Sun Tzu
10:56 Feudal Age
15:28 Castle Age
14:03 Double-Bit Axe
14:30 Loom
15:12 Fletching
16:47 Town Watch
17:57 Bodkin Arrow
19:07 Horse Collar
21:45 Padded Archer Armor
26:04 Leather Archer Armor
27:20 Bow Saw
27:12 Heavy Plow
31:33 Ballistics
34:01 Imperial Age
34:42 Bracer
35:44 Chemistry
36:04 Ring Archer Armor
37:28 Wheelbarrow
41:02 Curare
42:38 Two-Man Saw
Enver Pasha
11:14 Feudal Age
14:57 Castle Age
13:37 Double-Bit Axe
13:33 Horse Collar
15:56 Loom
17:18 Bow Saw
21:51 Forging
23:25 Bloodlines
23:22 Scale Barding Armor
25:16 Gold Mining
26:23 Iron Casting
28:00 Arson
28:15 Squires
28:18 Scale Mail Armor
28:38 Chain Barding Armor
28:27 Man-at-Arms
28:52 Gambesons
29:48 Chain Mail Armor
29:36 Heavy Plow
29:37 Long Swordsman
35:28 Imperial Age
34:13 Fletching
35:40 Ironclad
35:52 Two-Handed Swordsman
37:29 Conscription
37:18 Bodkin Arrow
38:25 Blast Furnace
37:56 Plate Mail Armor
36:48 Champion
39:43 Heavy Scorpion
TheLawRøcK®
10:49 Feudal Age
15:13 Castle Age
13:21 Horse Collar
13:42 Double-Bit Axe
16:33 Wheelbarrow
16:18 Bow Saw
16:14 Heavy Plow
18:50 Hand Cart
21:11 Forging
23:18 Gold Mining
25:55 Fletching
29:46 Imperial Age
27:28 Stone Mining
28:39 Bodkin Arrow
30:07 Gold Shaft Mining
30:11 Ballistics
30:40 Bracer
31:07 Padded Archer Armor
32:18 Leather Archer Armor
33:12 Two-Man Saw
35:25 Artillery
35:59 Ring Archer Armor
36:06 Conscription
37:18 Iron Casting
39:59 Blast Furnace
42:14 Bloodlines
43:19 Scale Barding Armor
Mionel Lessi
1:19 Loom
9:02 Feudal Age
10:34 Wheelbarrow
9:41 Horse Collar
10:18 Double-Bit Axe
15:26 Town Watch
21:52 Castle Age
22:07 Castle Age
20:23 Stone Mining
20:23 Gold Mining
22:13 Fletching
23:00 Bodkin Arrow
23:16 Bow Saw
23:00 Gold Mining
23:12 Heavy Plow
23:30 Hand Cart
30:45 Imperial Age
28:27 Forging
28:25 Scale Barding Armor
29:06 Gold Shaft Mining
30:17 Chain Barding Armor
30:32 Iron Casting
29:59 Steppe Husbandry
31:14 Bloodlines
32:04 Plate Barding Armor
32:30 Blast Furnace
31:52 Conscription
30:59 Elite Steppe Lancer
32:56 Two-Man Saw
jardan1234
11:04 Feudal Age
14:50 Castle Age
13:55 Double-Bit Axe
13:54 Horse Collar
15:38 Heavy Plow
15:53 Bow Saw
19:52 Loom
25:46 Redemption
27:16 Town Watch
43:00 Caravan
Connection lost

Rejoining the realm…

Still unreachable

The connection could not be restored.

Session expired

The server has moved on; the page needs a fresh start.